 Dungeon Crawl Stone Soup version 0.30-a0-528-g8c47a4955b (webtiles) character file.

Game seed: 1911865787764919641

14153 Sabo the Cleaver (level 11, 0/89 HPs)
             Began as an Armataur Fighter on Dec 23, 2022.
             Was an Elder of Hepliaklqana.
             Slain by a vampire (5 damage)
             ... on level 12 of the Dungeon.
             The game lasted 01:09:46 (10329 turns).

Sabo the Cleaver (Armataur Fighter)                Turns: 10329, Time: 01:09:47

Health: 0/89       AC: 33    Str: 32    XL:     11   Next: 85%
Magic:  12/12      EV:  5    Int:  9    God:    Hepliaklqana [****..]
Gold:   674        SH:  5    Dex:  9    Spells: 10/10 levels left

rFire   . . .      SeeInvis .    O - +11 hand axe "Ukhekhle" {protect, *Slow rC- rCorr Stlth+}
rCold   . . .      Faith    .    c - +0 buckler
rNeg    . . .      Spirit   .    P - +2 chain mail {rC+}
rPois   +          Reflect  .    (no helmet)
rElec   .          Harm     .    (no cloak)
rCorr   +          Roll     +    e - +1 pair of gloves
Will    .....                    o - +1 barding Stlth
                                 t - amulet of regeneration
HPRegen 1.14/turn                B - ring of poison resistance
MPRegen 0.13/turn                M - +6 ring of strength

@: mighty, under a protective aura, slowed, very slow
A: reduced essence, large, rugged brown scales 3, deformed body, armoured tail,
roll, long tongue, awkward tongue, iridescent scales 2, high MP 1, mutation
resistance 2
a: Renounce Religion, Recall Ancestor, Ancestor Identity, Transference, Idealise


You were on level 12 of the Dungeon.
You worshipped Hepliaklqana.
Hepliaklqana was greatly pleased with you.
You visited 1 branch of the dungeon, and saw 12 of its levels.

You collected 674 gold pieces.

Inventory:

Hand Weapons
 a - a +0 vampiric war axe
 m - the +5 hand axe of the Skies Above {venom, Drain rElec Will++ Str+2}
   (You found it on level 9 of the Dungeon)

   It poisons the flesh of those it strikes.
   Str:       It affects your strength (+2).
   rElec:     It insulates you from electricity.
   Drain:     It drains your maximum health when unequipped.
   Will:      It greatly increases your willpower.
 A - a +3 war axe
 C - a +0 arbalest
 K - a +4 vorpal trident
 O - the +11 hand axe "Ukhekhle" (weapon) {protect, *Slow rC- rCorr Stlth+}
   (You found it on level 8 of the Dungeon)

   It grants its wielder temporary protection when it strikes (+7 to AC).
   rC:        It makes you vulnerable to cold.
   rCorr:     It protects you from acid and corrosion.
   *Slow:     It may slow you when you take damage.
   Stlth:     It makes you more stealthy.
Missiles
 u - 2 throwing nets
 v - 10 boomerangs (quivered)
 N - 20 poisoned darts
Armour
 c - a +0 buckler (worn)
 e - a +1 pair of gloves (worn)
 o - a +1 barding (worn)
 s - the +1 scale mail "Julat" {MP+9 Dex-3 SInv}
   (You found it on level 2 of the Dungeon)

   Dex:       It affects your dexterity (-3).
   MP:        It affects your magic capacity (+9).
   SInv:      It lets you see invisible.
 P - a +2 chain mail of cold resistance (worn)
Jewellery
 g - a ring of positive energy
 n - a ring of resist corrosion
 t - an amulet of regeneration (around neck)
 B - a ring of poison resistance (left hand)
 D - a +4 ring of protection
 H - the ring of the Baking Gods {rF+ rC+}
   (You took it off an orc wizard on level 5 of the Dungeon)

   [ring of protection from cold]

   rF:        It protects you from fire.
   rC:        It protects you from cold.
 J - the ring of Wonder {rF+ Int+4}
   (You took it off a kobold on level 10 of the Dungeon)

   [ring of protection from fire]

   Int:       It affects your intelligence (+4).
   rF:        It protects you from fire.
 L - a +4 ring of protection
 M - a +6 ring of strength (right hand)
Wands
 y - a wand of flame (30)
 E - a wand of paralysis (18)
 I - a wand of polymorph (3)
Scrolls
 b - 2 scrolls of teleportation
 i - a scroll of poison
 l - 2 scrolls of magic mapping
 r - 2 scrolls of blinking
 x - 2 scrolls of butterflies
 G - 2 scrolls of fog
Potions
 d - 2 potions of might
 f - a potion of invisibility
 h - a potion of magic {unknown}
 j - 3 potions of flight
 p - a potion of resistance {unknown}
 q - 4 potions of heal wounds
 w - 3 potions of curing
 z - a potion of lignification {unknown}


   Skills:
 + Level 7.5 Fighting
 + Level 11.3 Axes
 + Level 0.3 Throwing
 + Level 10.9 Armour
 + Level 3.5 Dodging
 + Level 4.4 Stealth
 + Level 6.8 Shields


You had 10 spell levels left.
You didn't know any spells.
Your spell library contained the following spells:

 Spells                   Type           Power      Damage    Failure   Level
 Apportation              Tloc           0%         N/A       86%         1
 Dazzling Flash           Conj/Hex       0%         N/A       99%         3
 Inner Flame              Hex/Fire       0%         N/A       99%         3
 Tukima's Dance           Hex            0%         N/A       99%         3
 Flame Wave               Conj/Fire      0%         2d4       100%        4
 Iskenderun's Mystic Bla  Conj/Tloc      0%         2d3       100%        4
 Passage of Golubria      Tloc           0%         N/A       100%        4
 Sticky Flame             Conj/Fire      0%         2d3       100%        4
 Alistair's Intoxication  Tmut/Pois      0%         N/A       100%        5
 Summon Forest            Summ/Tloc      0%         N/A       100%        5
 Summon Mana Viper        Hex/Summ       0%         N/A       100%        5
 Yara's Violent Unravell  Hex/Tmut       0%         3d3       100%        5
 Starburst                Conj/Fire      0%         6d3       100%        6
 Summon Cactus Giant      Summ           0%         N/A       100%        6


Dungeon Overview and Level Annotations

Branches:
Dungeon (12/15)            Temple (0/1) D:5            Lair (0/5) D:9
    Orc (0/2) D:10

Altars:
Cheibriados
Dithmenos
Elyvilon
Fedhas
Gozag
Hepliaklqana
Kikubaaqudgha
Nemelex Xobeh
Qazlal
Sif Muna
Trog
Wu Jian
Xom
The Shining One

Shops:
D:12 (


Innate Abilities, Weirdness & Mutations

Your life essence is reduced to manifest your ancestor. (-10% HP)
You are completely covered in rugged brown scales. (AC +3, +7% HP)
Armour fits poorly on your strangely shaped body.
You have a long armoured tail.
You roll when moving toward enemies. (Rampage)
Your long tongue fully drains potion bottles. (2x potion effects)
Your tongue gives you trouble enunciating. (1.5x scroll delay)
You are mostly covered in iridescent scales. (AC +4)
You have an increased reservoir of magic. (+10% MP)
You are somewhat resistant to both further mutation and mutation removal.


Message History

You slice the kobold demonologist!!
You kill the kobold demonologist!
You slash the kobold brigand!
You kill the kobold brigand!
You miss something. You slash the wraith!
You destroy the wraith!
Something hits you but does no damage. You block something's attack.
The smoke demon gestures at you. The sticky flame hits you.
You are covered in liquid flames!
You roll towards the kobold demonologist!
You miss the kobold demonologist. You hit something but do no damage.
You are covered in liquid flames!
Qitarah hits something but does no damage.
Something hits you but does no damage. Something bites you but does no damage.
The kobold demonologist hits you but does no damage.
You writhe in agony.
Qitarah hits something but does no damage.
The shadow strikes at you from the darkness!
Reactivating autopickup.
You slice the kobold demonologist!! You tail-slap the kobold demonologist!
You kill the kobold demonologist!
The smoke demon disappears in a puff of smoke!
You completely miss something. You slice the shadow!!
You are covered in liquid flames!
You are no longer on fire.
Qitarah hits something but does no damage.
Deactivating autopickup; reactivate with Ctrl-A.
Something draws life force from you!!
* * * LOW HITPOINT WARNING * * *
Qitarah points next to you and mumbles some strange words.
The shadow hits you.
* * * LOW HITPOINT WARNING * * *
You feel as though you will be slow longer.
You slice the shadow!!
You destroy the shadow!
You slash something! Something hits you.
* * * LOW HITPOINT WARNING * * *
Something bites you.
You die...

#.........#
#.........#
#.∩.∩.....#
#.........#
#.∩.∩.....#
#.........#
#.........#
#......R..###
#......†@)).#
#......§).....#
#........~~≈~...
#.......P.~~~...
#.......~~~~~~..
#..........≈~P#.
#........P...!#
#.........#####


You could see the friendly Qitarah the hexer.

Vanquished Creatures
  2 cyclopes (D:11)
  A centaur zombie (D:12)
  2 kobold demonologists (D:12)
  Psyche (D:10)
  4 trolls
  A hornet (D:10)
  Grinder (D:4)
  A shadow (D:12)
  18 yaks
  A wyvern (D:9)
  A wraith (D:12)
  Eustachio (D:4)
  3 steam dragons
  7 vampire mosquitoes
  2 water moccasins
  2 ice beasts
  8 orc warriors
  A sky beast (D:7)
  A black bear (D:4)
  2 wolves (D:9)
  An ogre (D:5)
  2 centaurs
  Blork the orc (D:4)
  4 kobold brigands
  3 necrophages
  A bullfrog (D:8)
  2 gnoll sergeants
  3 scorpions
  4 wights (D:7)
  6 killer bees
  An electric eel (D:9)
  2 howler monkeys
  2 jellies
  5 hounds
  2 gnoll boudas (D:7)
  8 orc priests
  9 iguanas
  7 orc wizards
  17 gnolls
  9 adders
  A white imp (D:6)
  4 ufetubi
  2 worms
  4 dart slugs
  46 orcs
  A ball python (D:2)
  11 endoplasms
  4 giant cockroaches (D:1)
  4 goblins
  4 hobgoblins
  5 jackals
  20 kobolds
  A quokka (D:5)
  9 bats
  2 frilled lizards
  4 rats
271 creatures vanquished.

Vanquished Creatures (collateral kills)
  A two-headed ogre (D:10)
  2 unseen horrors
  A basilisk (D:11)
  Menkaure (D:7)
  A water moccasin (D:7)
  An ice beast (D:6)
  An orc warrior (D:9)
  A sky beast (D:7)
  A phantom (D:6)
  6 killer bees
  2 electric eels (D:9)
  An orc priest (D:9)
  A hound (D:7)
  An orc wizard (D:9)
  3 gnolls
  A shadow imp (D:6)
  A white imp (D:6)
  4 orcs
  4 kobolds
34 creatures vanquished.

Vanquished Creatures (others)
  An ancestor (D:5)
  A withered plant (D:12)
2 creatures vanquished.

Grand Total: 307 creatures vanquished

Notes
Turn   | Place    | Note
-------+----------+-------------------------------------------
     0 | D:1      | Sabo the Armataur Fighter began the quest for the Orb.
     0 | D:1      | Reached XP level 1. HP: 19/19 MP: 1/1
   116 | D:1      | Reached XP level 2. HP: 26/26 MP: 2/2
   679 | D:2      | Reached skill level 2 in Axes
   703 | D:2      | Reached XP level 3. HP: 33/33 MP: 3/3
   960 | D:2      | Reached XP level 4. HP: 40/40 MP: 4/4
   964 | D:2      | Identified the +1 scale mail "Julat" {MP+9 Dex-3 SInv}
  1448 | D:3      | Reached XP level 5. HP: 48/48 MP: 5/5
  1659 | D:3      | Reached skill level 3 in Axes
  1963 | D:4      | Reached XP level 6. HP: 55/55 MP: 6/6
  1964 | D:4      | Noticed a water moccasin
  1977 | D:4      | Killed a water moccasin
  1982 | D:4      | Reached skill level 4 in Axes
  1982 | D:4      | Reached skill level 5 in Armour
  1982 | D:4      | Reached skill level 1 in Dodging
  2097 | D:4      | Noticed Blork the orc
  2104 | D:4      | Killed Blork the orc
  2105 | D:4      | Reached XP level 7. HP: 63/63 MP: 7/7
  2499 | D:4      | Found a shadowy altar of Dithmenos.
  2500 | D:4      | Found a blossoming altar of Fedhas.
  2502 | D:4      | Found an ornate altar of the Wu Jian Council.
  2506 | D:4      | Found a bloodstained altar of Trog.
  2508 | D:4      | Found a white marble altar of Elyvilon.
  2508 | D:4      | Found a hazy altar of Hepliaklqana.
  2509 | D:4      | Found a shimmering blue altar of Sif Muna.
  2510 | D:4      | Found a sparkling altar of Nemelex Xobeh.
  2512 | D:4      | Found an opulent altar of Gozag.
  2513 | D:4      | Found a glowing golden altar of the Shining One.
  2550 | D:4      | Became a worshipper of Hepliaklqana the Forgotten
  2636 | D:4      | Noticed Eustachio
  2692 | D:4      | Killed Eustachio
  2693 | D:4      | Reached skill level 5 in Axes
  2840 | D:4      | Noticed Grinder
  2840 | D:4      | Paralysed by Grinder for 4 turns
  2863 | D:4      | Killed Grinder
  3156 | D:5      | Entered Level 5 of the Dungeon
  3169 | D:5      | Reached XP level 8. HP: 67/71 MP: 8/8
  3174 | D:5      | Found a staircase to the Ecumenical Temple.
  3215 | D:5      | Found a snail-covered altar of Cheibriados.
  3394 | D:5      | Reached skill level 5 in Fighting
  3417 | D:5      | Reached skill level 1 in Stealth
  3438 | D:5      | Reached skill level 6 in Axes
  3439 | D:5      | Reached * piety under Hepliaklqana
  3476 | D:5      | Identified the ring of the Baking Gods {rF+ rC+}
  4027 | D:6      | Found a shimmering altar of Xom.
  4071 | D:6      | Reached XP level 9. HP: 70/71 MP: 9/9
  4198 | D:6      | Reached skill level 7 in Axes
  4820 | D:7      | Noticed Menkaure
  4826 | D:7      | Killed Menkaure
  5190 | D:7      | Reached skill level 8 in Axes
  5204 | D:7      | Reached skill level 5 in Shields
  5257 | D:7      | Reached ** piety under Hepliaklqana
  5258 | D:7      | Remembered your ancestor Qitarah as a hexer
  6461 | D:8      | Identified the +11 hand axe "Ukhekhle" {protect, *Slow rC-
                  | rCorr Stlth+}
  6495 | D:8      | Found an ancient bone altar of Kikubaaqudgha.
  6627 | D:9      | Reached *** piety under Hepliaklqana
  6697 | D:9      | Reached XP level 10. HP: 79/80 MP: 10/10
  6797 | D:9      | Identified the +5 hand axe of the Skies Above {venom, Drain
                  | rElec Will++ Str+2}
  7038 | D:9      | Reached skill level 9 in Axes
  7259 | D:9      | Found a staircase to the Lair.
  8037 | D:10     | Entered Level 10 of the Dungeon
  8073 | D:10     | Found a staircase to the Orcish Mines.
  8185 | D:10     | Noticed Psyche
  8193 | D:10     | Killed Psyche
  8316 | D:10     | Reached skill level 10 in Axes
  8316 | D:10     | Reached XP level 11. HP: 75/88 MP: 11/11
  8347 | D:10     | Identified the ring of Wonder {rF+ Int+4}
  8606 | D:10     | Noticed a two-headed ogre
  8612 | D:10     | Killed a two-headed ogre
  8809 | D:10     | Found a stormy altar of Qazlal.
  9000 | D:11     | Reached skill level 10 in Armour
  9285 | D:11     | Reached **** piety under Hepliaklqana
 10068 | D:11     | Reached skill level 11 in Axes
 10206 | D:11     | Gained mutation: You are partially covered in iridescent
                  | scales. (AC +2) [potion of mutation]
 10206 | D:11     | Gained mutation: You are mostly covered in iridescent
                  | scales. (AC +4) [potion of mutation]
 10206 | D:11     | Gained mutation: You have an increased reservoir of magic.
                  | (+10% MP) [potion of mutation]
 10206 | D:11     | Gained mutation: You are somewhat resistant to further
                  | mutation. [potion of mutation]
 10206 | D:11     | Gained mutation: You are somewhat resistant to both further
                  | mutation and mutation removal. [potion of mutation]
 10310 | D:12     | Found Icsifrih's Weapon Emporium.
 10329 | D:12     | Slain by a vampire

Illustrated notes

Levels and vault maps discovered:
D:1:      dpeg_arrival_tiny_i, layout_basic
D:2:      layout_rooms
D:3:      layout_rooms
D:4:      nicolae_cairo_tiling, layout_basic, minitemple,
          nicolae_concentric_dashed_squares_mild, minivault_23,
          chequers_serial_rivers_micro_d, uniq_grinder, uniq_eustachio,
          uniq_blork_the_orc
D:5:      layout_rooms, nicolae_overflow_crystal_walls,
          minmay_temple_entry_offerings
D:6:      layout_basic, mainiacjoe_overflow_six_doors_small
D:7:      layout_loops_cross, kennysheep_generic_room_6, uniq_menkaure
D:8:      layout_gridville, lemuel_doored_altar, roderic_lattice_a,
          hangedman_decor_peaks_small, minmay_misc_feat_plants
D:9:      layout_cave_pods, erik_lair_island
D:10:     layout_roguey, mainiacjoe_overflow_alcove_1, david_orc_5, uniq_psyche
D:11:     layout_loops_corners
D:12:     layout_long_grid, serial_undead, serial_undead_b, serial_undead_d,
          serial_undead_d, serial_undead_f, serial_shops,
          nicolae_shop_bloodbath_and_beyond, nicolae_shop_waterfront,
          shop_statue, nicolae_shop_crystal,
          nicolae_shop_competitors_out_of_business, uniq_nergalle, uniq_azrael

Skill      XL: |  1  2  3  4  5  6  7  8  9 10 11 |
---------------+----------------------------------+-----
Fighting       | 3 4 5 6 7 |  7.5
Axes           | 2 3 4 5 6 8 10 11 | 11.3
Armour         | 4 5 7 9 10 | 10.9
Dodging        | 1 2 3 |  3.5
Shields        | 4 5 6 |  6.8
Stealth        | 1 3 4 |  4.4
Throwing       | |  0.3

Action                   |  1- 3 |  4- 6 |  7- 9 | 10-12 || total
-------------------------+-------+-------+-------+-------++-------
Melee: War axe           |    80 |   110 |   370 |       ||   560
       Tailslap          |     7 |    11 |    45 |    43 ||   106
       Hand axe          |       |       |     6 |   289 ||   295
Throw: Boomerang         |       |       |       |     2 ||     2
Invok: Ancestor Life: He |       |       |     1 |       ||     1
  Use: Scroll            |       |     1 |    14 |       ||    15
       Potion            |       |       |     4 |     4 ||     8
 Stab: Distracted        |       |       |     1 |     2 ||     3
       Confused          |       |       |     2 |     4 ||     6
Armor: Scale mail        |     9 |   121 |   325 |    32 ||   487
       Chain mail        |    55 |       |       |   171 ||   226
       Skin              |       |       |       |     3 ||     3
Dodge: Dodged            |    22 |    36 |   136 |    63 ||   257
Block: Buckler           |    17 |    29 |    91 |    59 ||   196

Table legend: (Time is in decaauts)
 A = Elapsed time spent in this place.
 B = Non-inter-level travel time spent in this place.
 C = Inter-level travel time spent in this place.
 D = Time resting spent in this place.
 E = Time spent auto-exploring this place.
 F = Levels seen in this place.
 G = Mean time per level.
                   A        B        C        D        E       F      G
               +--------+--------+--------+--------+--------+-----+--------+
         Total |  10444 |  10440 |      4 |   1363 |      0 |  12 |  870.3 |
       Dungeon |  10444 |  10440 |      4 |   1363 |      0 |  12 |  870.3 |
               +--------+--------+--------+--------+--------+-----+--------+

Top non-repeatable levels by time:
     D:9: 1423 daAuts
     D:4: 1394 daAuts
    D:11: 1311 daAuts
     D:7: 979 daAuts
     D:8: 960 daAuts
    D:10: 930 daAuts
     D:6: 923 daAuts
     D:2: 726 daAuts
     D:1: 649 daAuts
     D:5: 648 daAuts
     D:3: 481 daAuts
    D:12: 16 daAuts
